3L
CAPITAL DISTRICT RED KNIGHTS @ CHICAGO HAWKS
05/02/2029
 
TOP OF THE 1ST
Capital District Red Knights batting - Pitching for Chicago Hawks : RHP Lucas Begay
Pitching: RHP Lucas Begay
Batting: RHB Arnold Giroux 0-0: Called Strike
0-1: Ground out 2-3 (Groundball, 2R)
Batting: RHB Sergio Ortíz 0-0: Ball
1-0: Ball
2-0: Fly out, F9 (Flyball, 9S)
Batting: RHB Orlando Velásquez 0-0: Swinging Strike
0-1: Foul Ball, location: 2F
0-2: Ball
1-2: Ball
2-2: Ground out 6-3 (Groundball, 6MS)
Top of the 1st over - 0 runs, 0 hits, 0 errors, 0 left on base; Capital District 0 - Chicago 0
BOTTOM OF THE 1ST
Chicago Hawks batting - Pitching for Capital District Red Knights : RHP Juan Montoya
Pitching: RHP Juan Montoya
Batting: RHB Luis Rodríguez 0-0: Ball
1-0: Ball
2-0: Foul Ball, location: 2F
2-1: Fly out, F8 (Line Drive, 89S)
Batting: RHB Paddy Hodnett 0-0: Ball
1-0: Ground out 5-3 (Groundball, 56)
Batting: LHB Jeff Simpson 0-0: Ball
1-0: Foul Ball, location: 2F
1-1: Foul Ball, location: 2F
1-2: SOLO HOME RUN (Flyball, 9LD), Distance : 344 ft
Batting: RHB Enrique Marroquín 0-0: Called Strike
0-1: Swinging Strike
0-2: Ball
1-2: Ball
2-2: Ball
3-2: Foul Ball, location: 2F
3-2: Strikes out swinging
Bottom of the 1st over - 1 run, 1 hit, 0 errors, 0 left on base; Capital District 0 - Chicago 1
TOP OF THE 2ND
Capital District Red Knights batting - Pitching for Chicago Hawks : RHP Lucas Begay
Batting: RHB Robert O'Connor 0-0: Called Strike
0-1: Swinging Strike
0-2: Ball
1-2: Ball
2-2: Fly out, F8 (Line Drive, 8LD)
Batting: RHB Pedro Álvarez 0-0: Ground out 6-3 (Groundball, 6)
Batting: RHB Mario Álvarez 0-0: Ground out 5-3 (Groundball, 56S)
Top of the 2nd over - 0 runs, 0 hits, 0 errors, 0 left on base; Capital District 0 - Chicago 1
BOTTOM OF THE 2ND
Chicago Hawks batting - Pitching for Capital District Red Knights : RHP Juan Montoya
Batting: RHB Curt Kenney 0-0: Foul Ball, location: 2F
0-1: Ground out 6-3 (Groundball, 6)
Batting: LHB Albert González 0-0: Ball
1-0: Swinging Strike
1-1: Ground out 4-3 (Groundball, 4)
Batting: LHB Perry Bothof 0-0: Called Strike
0-1: Ball
1-1: Ball
2-1: Fly out, F2 (Popup, 15S)
Bottom of the 2nd over - 0 runs, 0 hits, 0 errors, 0 left on base; Capital District 0 - Chicago 1
TOP OF THE 3RD
Capital District Red Knights batting - Pitching for Chicago Hawks : RHP Lucas Begay
Batting: LHB Arturo Hernández 0-0: Swinging Strike
0-1: Fly out, F9 (Line Drive, 9)
Batting: RHB Alfonso Enríquez 0-0: Ball
1-0: TRIPLE (Flyball, 89XD)
Batting: LHB Francisco Sánchez 0-0: Fly out, F7 (Flyball, 7S)
Batting: RHB Arnold Giroux 0-0: Fly out, F8 (Flyball, 8LM)
Top of the 3rd over - 0 runs, 1 hit, 0 errors, 1 left on base; Capital District 0 - Chicago 1
BOTTOM OF THE 3RD
Chicago Hawks batting - Pitching for Capital District Red Knights : RHP Juan Montoya
Batting: RHB Vincente Rotham 0-0: Called Strike
0-1: Ground out 4-3 (Groundball, 4)
Batting: RHB Lorenzo Sabastro 0-0: Called Strike
0-1: Ball
1-1: Swinging Strike
1-2: Fly out, F9 (Flyball, 9LS)
Batting: RHB Luis Rodríguez 0-0: Ground out 3-1 (Groundball, 3S)
Bottom of the 3rd over - 0 runs, 0 hits, 0 errors, 0 left on base; Capital District 0 - Chicago 1
TOP OF THE 4TH
Capital District Red Knights batting - Pitching for Chicago Hawks : RHP Lucas Begay
Batting: RHB Sergio Ortíz 0-0: Ball
1-0: Foul Ball, location: 2F
1-1: Ground out 6-3 (Groundball, 6)
Batting: RHB Orlando Velásquez 0-0: Foul Ball, location: 2F
0-1: Ball
1-1: Ball
2-1: Foul Ball, location: 2F
2-2: Ground out 5-3 (Groundball, 56)
Batting: RHB Robert O'Connor 0-0: Ball
1-0: Foul Ball, location: 2F
1-1: Fly out, F8 (Flyball, 8LS)
Top of the 4th over - 0 runs, 0 hits, 0 errors, 0 left on base; Capital District 0 - Chicago 1
BOTTOM OF THE 4TH
Chicago Hawks batting - Pitching for Capital District Red Knights : RHP Juan Montoya
Batting: RHB Paddy Hodnett 0-0: Called Strike
0-1: Foul Ball, location: 2F
0-2: Ball
1-2: Strikes out swinging
Batting: LHB Jeff Simpson 0-0: Called Strike
0-1: Swinging Strike
0-2: Strikes out swinging
Batting: RHB Enrique Marroquín 0-0: Ball
1-0: Foul Ball, location: 2F
1-1: Fly out, F8 (Flyball, 8LM)
Bottom of the 4th over - 0 runs, 0 hits, 0 errors, 0 left on base; Capital District 0 - Chicago 1
TOP OF THE 5TH
Capital District Red Knights batting - Pitching for Chicago Hawks : RHP Lucas Begay
Batting: RHB Pedro Álvarez 0-0: Foul Ball, location: 2F
0-1: Called Strike
0-2: Strikes out swinging
Batting: RHB Mario Álvarez 0-0: Ball
1-0: Ground out 4-3 (Groundball, 4)
Batting: LHB Arturo Hernández 0-0: Foul Ball, location: 2F
0-1: Ball
1-1: Ball
2-1: Ball
3-1: Called Strike
3-2: Base on Balls
Batting: RHB Alfonso Enríquez 0-0: Fly out, F7 (Line Drive, 7D)
Top of the 5th over - 0 runs, 0 hits, 0 errors, 1 left on base; Capital District 0 - Chicago 1
BOTTOM OF THE 5TH
Chicago Hawks batting - Pitching for Capital District Red Knights : RHP Juan Montoya
Batting: RHB Curt Kenney 0-0: Fly out, F9 (Flyball, 89S)
Batting: LHB Albert González 0-0: Called Strike
0-1: Called Strike
0-2: Fly out, F5 (Popup, 56S)
Batting: LHB Perry Bothof 0-0: Ball
1-0: Called Strike
1-1: Foul Ball, location: 2F
1-2: Fly out, F4 (Line Drive, 4)
Bottom of the 5th over - 0 runs, 0 hits, 0 errors, 0 left on base; Capital District 0 - Chicago 1
TOP OF THE 6TH
Capital District Red Knights batting - Pitching for Chicago Hawks : RHP Lucas Begay
Batting: LHB Francisco Sánchez 0-0: Called Strike
0-1: Called Strike
0-2: Ball
1-2: Strikes out looking
Batting: RHB Arnold Giroux 0-0: Ball
1-0: Foul Ball, location: 2F
1-1: SINGLE (Line Drive, 34)
Batting: RHB Sergio Ortíz 0-0: Ball
Wild Pitch!
Arnold Giroux to second
1-0: Called Strike
Arnold Giroux is caught stealing 3rd base
1-1: Foul Ball, location: 2F
1-2: Foul Ball, location: 2F
1-2: Foul Ball, location: 2F
1-2: Fly out, F7 (Flyball, 7LSF)
Top of the 6th over - 0 runs, 1 hit, 0 errors, 0 left on base; Capital District 0 - Chicago 1
BOTTOM OF THE 6TH
Chicago Hawks batting - Pitching for Capital District Red Knights : RHP Juan Montoya
Batting: RHB Vincente Rotham 0-0: Called Strike
0-1: Foul Ball, location: 2F
0-2: Foul Ball, location: 2F
0-2: Ball
1-2: Ball
2-2: Strikes out swinging
Batting: RHB Lorenzo Sabastro 0-0: Called Strike
0-1: Reached on error, E6 (Groundball, 6)
Batting: RHB Luis Rodríguez 0-0: Called Strike
0-1: Ball
1-1: Ball
Lorenzo Sabastro steals 3rd base
2-1: Called Strike
2-2: Ball
3-2: Foul Ball, location: 2F
3-2: Foul Ball, location: 2F
3-2: Strikes out swinging
Batting: RHB Paddy Hodnett 0-0: Ground out 3-1 (Groundball, 34)
Bottom of the 6th over - 0 runs, 0 hits, 1 error, 1 left on base; Capital District 0 - Chicago 1
TOP OF THE 7TH
Capital District Red Knights batting - Pitching for Chicago Hawks : RHP Lucas Begay
Batting: RHB Orlando Velásquez 0-0: Called Strike
0-1: Ball
1-1: Ball
2-1: Called Strike
2-2: Strikes out swinging
Batting: RHB Robert O'Connor 0-0: Called Strike
0-1: Ball
1-1: Ball
2-1: Ground out 6-3 (Groundball, 6)
Batting: RHB Pedro Álvarez 0-0: Ball
1-0: Ball
2-0: Called Strike
2-1: Foul Ball, location: 2F
2-2: Foul Ball, location: 2F
2-2: Strikes out swinging
Top of the 7th over - 0 runs, 0 hits, 0 errors, 0 left on base; Capital District 0 - Chicago 1
BOTTOM OF THE 7TH
Chicago Hawks batting - Pitching for Capital District Red Knights : RHP Juan Montoya
Batting: LHB Jeff Simpson 0-0: Called Strike
0-1: DOUBLE (Line Drive, 3D)
Batting: RHB Enrique Marroquín 0-0: Intentional Walk
Pinch Hitting: LHB Cole Thrash 0-0: Called Strike
0-1: Called Strike
0-2: Ball
1-2: Foul Ball, location: 2F
1-2: Foul Ball, location: 2F
1-2: Foul Ball, location: 2F
1-2: Fly out, F8 (Flyball, 8RD)
Runner from 2nd tags up, SAFE at 3rd with throw
Batting: LHB Albert González 0-0: Fly out, F7 (Flyball, 7)
Runner from 3rd tags up, SCORES, no throw
Batting: LHB Perry Bothof 0-0: Called Strike
0-1: Ball
1-1: Ball
2-1: SINGLE (Groundball, 4MD)
Enrique Marroquín to second
Runner from 2nd tries for 3rd, SAFE, no throw
Batting: RHB Vincente Rotham 0-0: Swinging Strike
0-1: Ball
1-1: SINGLE (Groundball, 6MD)
Enrique Marroquín scores
Perry Bothof to second
Runner from 2nd tries for 3rd, SAFE, no throw
Batting: RHB Lorenzo Sabastro 0-0: Ball
1-0: Called Strike
1-1: Foul Ball, location: 2F
1-2: Foul Ball, location: 2F
1-2: Fly out, F7 (Flyball, 78S)
Bottom of the 7th over - 2 runs, 3 hits, 0 errors, 2 left on base; Capital District 0 - Chicago 3
TOP OF THE 8TH
Capital District Red Knights batting - Pitching for Chicago Hawks : RHP Lucas Begay
Now at 2B: Juan Ortega
Batting: RHB Mario Álvarez 0-0: Called Strike
0-1: Foul Ball, location: 2F
0-2: Ball
1-2: Ball
2-2: Strikes out swinging
Batting: LHB Arturo Hernández 0-0: Ball
1-0: Ball
2-0: Ground out 4-3 (Groundball, 4MS)
Batting: RHB Alfonso Enríquez 0-0: Ground out 6-3 (Groundball, 6)
Top of the 8th over - 0 runs, 0 hits, 0 errors, 0 left on base; Capital District 0 - Chicago 3
BOTTOM OF THE 8TH
Chicago Hawks batting - Pitching for Capital District Red Knights : RHP Juan Montoya
Batting: RHB Luis Rodríguez 0-0: Swinging Strike
0-1: Ball
1-1: Ground out 6-3 (Groundball, 6S)
Batting: RHB Paddy Hodnett 0-0: Foul Ball, location: 2F
0-1: Foul Ball, location: 2F
0-2: Ball
1-2: Fly out, F3 (Line Drive, 34)
Batting: LHB Jeff Simpson 0-0: Ball
1-0: Called Strike
1-1: Ball
2-1: Swinging Strike
2-2: Fly out, F1 (Line Drive, 15)
Bottom of the 8th over - 0 runs, 0 hits, 0 errors, 0 left on base; Capital District 0 - Chicago 3
TOP OF THE 9TH
Capital District Red Knights batting - Pitching for Chicago Hawks : RHP Lucas Begay
Batting: LHB Francisco Sánchez 0-0: Ground out U3 (Groundball, 34)
Batting: RHB Arnold Giroux 0-0: Foul Ball, location: 2F
0-1: Foul Ball, location: 2F
0-2: SINGLE (Groundball, 34S) (infield hit)
Batting: RHB Sergio Ortíz 0-0: Ball
1-0: Foul Ball, location: 2F
1-1: Grounds into double play, 6-4-3 (Groundball, 6)
Top of the 9th over - 0 runs, 1 hit, 0 errors, 0 left on base; Capital District 0 - Chicago 3
Tuesday, December 19th, 2017 - OOTP Baseball 18.8 Build 76